 Dungeon Crawl Stone Soup version 0.16-a0-3655-g786489f (webtiles) character file.

31271 Xoff the Thaumaturge (level 13, -3/93 HPs)
             Began as a Mummy Wizard on Jan 16, 2015.
             Was the Champion of Sif Muna.
             Killed from afar by a red draconian (28 damage)
             ... with a searing blast
             ... in a volcano.
             The game lasted 02:29:55 (43072 turns).

Xoff the Thaumaturge (Mummy Wizard)                Turns: 43072, Time: 02:29:57

Health: -3/93      AC:  9    Str: 10    XL:     13   Next: 25%
Magic:  37/38      EV: 16    Int: 21    God:    Sif Muna [******]
Gold:   842        SH:  0    Dex: 10    Spells: 8 memorised, 7 levels left

rFire  x . .     SeeInvis .     a - +6 halberd (vamp)
rCold  + + .     Clarity  +     A - +1 robe {rC+}
rNeg   + + +     SustAb   .     (no shield)
rPois  ∞         Gourm    .     B - +2 helmet
rElec  .         Spirit   .     C - +2 cloak
rCorr  .         Warding  .     (no gloves)
rMut   .         Stasis   .     (no boots)
MR     +....                    i - amulet of clarity
Stlth  ++........               E - ring of magical power
                                w - ring of Cowardice {+Blink EV+3}

@: repel missiles, somewhat resistant to hostile enchantments, unstealthy
A: no food or potions, fire vulnerability, in touch with death, restore body,
cold resistance 1, negative energy resistance 3, poison resistance, torment
resistance, unbreathing
a: Self-Restoration, Channel Energy, Forget Spell, Renounce Religion, Evoke
Blink


You were in a volcano.
You worshipped Sif Muna.
Sif Muna was exalted by your worship.
You were not hungry.

You visited 3 branches of the dungeon, and saw 17 of its levels.
You also visited: Sewer and Volcano.

You collected 842 gold pieces.

Inventory:

Hand weapons
 a - a +6 vampiric halberd (weapon)
 b - a +3 dagger of protection
 c - a +2 short sword of flaming
 d - a +0 halberd of venom
 n - a cursed -2 glaive
 q - a cursed -1 shortbow
 s - a +2 mace of venom
 u - a +0 giant club of flaming
 v - a +0 great mace of flaming
 z - a +1 trident of flaming
 G - a +0 short sword of flaming
 K - a +0 trident of flaming
Missiles
 e - 39 bolts
 l - 41 stones (quivered)
 r - 10 arrows
 y - 8 arrows of flame
Armour
 A - a +1 robe of cold resistance (worn)
 B - a +2 helmet (worn)
 C - a +2 cloak (worn)
 D - a +0 scale mail of fire resistance
 H - a +1 leather armour of fire resistance
 I - a +1 animal skin of fire resistance
 J - a +3 chain mail of fire resistance
Magical staves
 o - an uncursed staff of earth
Jewellery
 i - an amulet of clarity (around neck)
 j - an uncursed amulet of guardian spirit {unknown}
 t - a cursed -3 ring of intelligence {unknown}
 w - the ring of Cowardice (left hand) {+Blink EV+3}
   (You found it on level 3 of the Lair of Beasts)

   [ring of evasion]

   It affects your evasion (+3).
   It lets you blink.
 E - a ring of magical power (right hand)
 F - an uncursed ring of teleportation
Magical devices
 g - a wand of cold (3)
 m - a wand of disintegration (18)
 x - a wand of heal wounds (0)
Scrolls
 f - 6 scrolls of teleportation
 h - 5 scrolls of identify
 p - a scroll of immolation
Books
 k - a book of the Dragon

   Spells                             Type                      Level
   a - Flight                         Charms/Air                   3
   b - Cause Fear                     Hexes                        4
   c - Bolt of Fire                   Conjuration/Fire             6
   d - Dragon Form                    Transmutation                7
   e - Dragon's Call                  Summoning                    9


   Skills:
 + Level 6.0 Fighting
 - Level 1.0 Short Blades
 + Level 4.7 Polearms
 - Level 2.0 Armour
 + Level 5.3 Dodging
 - Level 1.5 Stealth
 * Level 8.7 Spellcasting
 * Level 7.1 Conjurations
 + Level 5.2 Summonings
 - Level 2.0 Translocations
 + Level 2.8 Transmutations
 + Level 5.0 Fire Magic
 + Level 3.9 Ice Magic
 * Level 6.9 Air Magic
 - Level 3.0 Poison Magic
 - Level 4.0 Invocations
 + Level 4.9 Evocations


You had 7 spell levels left.
You knew the following spells:

 Your Spells              Type           Power        Failure   Level  Hunger
a - Magic Dart            Conj           ####         1%          1    N/A
b - Conjure Flame         Conj/Fire      #####...     1%          3    N/A
c - Mephitic Cloud        Conj/Pois/Air  ####....     2%          3    N/A
d - Blink                 Tloc           N/A          6%          2    N/A
e - Call Imp              Summ           ####....     1%          2    N/A
f - Repel Missiles        Chrm/Air       ###...       2%          2    N/A
g - Condensation Shield   Ice            ####......   17%         4    N/A
h - Irradiate             Conj/Trmt      ####......   28%         5    N/A

Dungeon Overview and Level Annotations

Branches:
Dungeon (10/15)            Temple (1/1) D:7            Lair (6/8) D:9
  Swamp (0/5) Lair:3       Spider (0/5) Lair:5          Orc (0/4) D:9
  Slime: Lair:6-8

Altars:
Ashenzari
Cheibriados
Dithmenos
Elyvilon
Fedhas
Gozag
Kikubaaqudgha
Makhleb
Nemelex Xobeh
Okawaru
Qazlal
Ru
Sif Muna
Trog
Vehumet
Xom
Yredelemnul
Zin
The Shining One

Shops:
D:5 =   D:7 *

Portals:
Trove: D:10 (give 19 scrolls of identify)


Innate Abilities, Weirdness & Mutations

You do not eat or drink.
Your flesh is vulnerable to fire.
You are in touch with the powers of death.
You can restore your body by infusing magical energy.
Your flesh is cold resistant.
You are immune to negative energy.
Your system is resistant to poisons.
You are immune to unholy pain and torment.
You can survive without breathing.


Message History

Zapping:
g - a wand of cold {zapped: 6} (will waste charges)
Press: ? - help, Shift-Dir - straight line, f/p - red draconian
Aim: a red draconian, wielding a broad axe of flaming and wearing a cloak (noxious fumes, moderately wounded, bewildered and confused, catching its breath)
The bolt of cold hits the red draconian.
The red draconian is heavily wounded.
Evoking this partially-identified wand wasted a few charges.
The red draconian is engulfed in noxious fumes.
An orc warrior comes into view. It is wielding a long sword of flaming.
Evoke which item? (* to show all) (? for menu, Esc to quit)
Zapping:
g - a wand of cold {zapped: 8} (will waste charges)
Press: ? - help, Shift-Dir - straight line, f - orc warrior, p - red draconian
Aim: an orc warrior, wielding a long sword of flaming and wearing a scale mail of fire resistance The bolt of cold hits the red draconian.
The red draconian is severely wounded.
The bolt of cold misses the orc warrior.
Evoking this partially-identified wand wasted a few charges.
The red draconian seems less confused.
The red draconian breathes flames at you.
The searing blast hits you! The fire burns you terribly!
You die...

##..........≈§§§§§........#.##.
####....≈≈≈≈≈§§§§§≈.....######
#.....≈≈≈≈≈≈≈§≈≈§.....# #
#.....≈≈≈≈§≈§≈≈§≈....##
##....≈≈≈≈§§§§§≈§§....#
##....≈§≈≈≈§§§≈......#
##...§o§.≈≈≈.....#.##
##..cd..........)## ###
#..§#.@.##....##.##≈≈##
#...####§#########.≈≈≈≈# ###.
### #...≈≈§# #. #....≈§§ ..
#...§§§≈ d∩ ##.!∩≈§§≈ §§[
##...§§§≈# §≈) #...≈§≈§≈# §
##.≈§§§≈##


You could see a red draconian, an orc warrior and a centaur.

Vanquished Creatures
  Fannar (D:10)
  4 hydras
  A catoblepas (Lair:5)
  Erolcha (D:10)
  A lindwurm (Lair:6)
  An orb spider (Lair:5)
  3 black mambas
  6 elephants
  11 spiny frogs
  A torpor snail (Lair:5)
  5 komodo dragons
  A troll (D:9)
  2 two-headed ogres
  3 blink frogs (Lair:1)
  Grinder (D:5)
  Prince Ribbit (D:5)
  A basilisk (Lair:4)
  17 yaks
  A spriggan (D:7)
  A vampire (D:9)
  A hungry ghost (D:8)
  A wyvern (Lair:6)
  7 hippogriffs
  A deep elf fighter (Volcano)
  9 wolves
  6 swamp worms (Lair:3)
  11 water moccasins
  4 sky beasts
  8 black bears
  6 orc warriors
  8 porcupines
  2 ice beasts
  6 ogres
  3 phantoms
  A boring beetle (Lair:4)
  6 centaurs
  11 crocodiles
  A big kobold (Sewer)
  6 scorpions
  13 giant frogs
  5 wights (D:9)
  The ghost of oshikia the Insei, a weakling DsMo (D:3)
  3 killer bees (D:7)
  An electric eel (Lair:3)
  5 crimson imps
  5 goliath beetles
  11 hounds
  12 orc priests
  2 jellies
  3 centaur skeletons
  Crazy Yiuf (D:5)
  4 giant frog skeletons
  6 worker ants
  6 iguanas
  5 orc wizards
  11 sheep
  Jessica (D:2)
  2 hound zombies (D:6)
  23 adders
  12 gnolls
  75 river rats
  3 shadow imps
  4 giant mites
  4 worms
  An adder skeleton (D:4)
  11 giant geckos
  2 oozes
  19 orcs
  26 bats
  A bat skeleton (D:5)
  A bat zombie (D:7)
  11 giant cockroaches
  25 goblins
  26 hobgoblins
  4 jackals (D:6)
  44 kobolds
  13 quokkas
  4 ball pythons
  12 giant newts
  A giant spore (D:7)
  81 rats
  13 ballistomycetes (D:7)
  A butterfly (Lair:4)
  2 plants (Lair:1)
677 creatures vanquished.

Vanquished Creatures (others)
  13 crimson imps
  4 white imps
  2 shadow imps
  A giant spore (D:7)
  A ballistomycete (D:7)
  5 fungi
26 creatures vanquished.

Grand Total: 703 creatures vanquished

Notes
Turn   | Place    | Note
--------------------------------------------------------------
     0 | D:1      | Xoff, the Mummy Wizard, began the quest for the Orb.
     0 | D:1      | Reached XP level 1. HP: 13/13 MP: 4/4
   317 | D:1      | Reached skill level 1 in Conjurations
   317 | D:1      | Reached XP level 2. HP: 14/20 MP: 1/6
   711 | D:1      | Reached skill level 1 in Fighting
   906 | D:1      | Reached XP level 3. HP: 13/26 MP: 1/8
  1061 | D:1      | Learned a level 3 spell: Conjure Flame
  1067 | D:1      | Learned a level 3 spell: Mephitic Cloud
  5164 | D:1      | Noticed a centaur
  5182 | D:1      | Killed a centaur
  5182 | D:1      | Reached skill level 1 in Armour
  5182 | D:1      | Reached XP level 4. HP: 32/32 MP: 8/10
  5636 | D:1      | Reached XP level 5. HP: 20/37 MP: 11/11
  5908 | D:2      | Learned a level 2 spell: Blink
  5911 | D:2      | Learned a level 2 spell: Call Imp
  6171 | D:2      | Reached skill level 1 in Fire Magic
  6259 | D:2      | Noticed Jessica
  6272 | D:2      | Killed Jessica
  6315 | D:2      | Reached skill level 1 in Poison Magic
  6598 | D:2      | Found a sacrificial altar of Ru.
  6603 | D:2      | Found a deep blue altar of Sif Muna.
  6611 | D:2      | Became a worshipper of Sif Muna the Loreminder
  8690 | D:2      | Reached skill level 1 in Summonings
  8690 | D:2      | Reached skill level 1 in Translocations
  9366 | D:2      | Reached XP level 6. HP: 44/44 MP: 13/13
 10283 | D:3      | Noticed oshikia's ghost (weakling DsMo)
 10310 | D:3      | Found a snail-covered altar of Cheibriados.
 10645 | D:3      | Reached skill level 1 in Air Magic
 10652 | D:3      | Reached skill level 1 in Short Blades
 10771 | D:3      | Found a glowing drain.
 10805 | Sewer    | Entered a sewer
 11692 | Sewer    | Reached skill level 4 in Spellcasting
 11893 | Sewer    | Reached XP level 7. HP: 50/50 MP: 13/17
 11922 | Sewer    | Learned a level 2 spell: Repel Missiles
 12293 | D:3      | Killed oshikia's ghost
 17310 | D:4      | Acquired Sif Muna's first power
 17359 | D:4      | Reached skill level 1 in Invocations
 17561 | D:4      | Reached skill level 1 in Polearms
 18262 | D:5      | Entered Level 5 of the Dungeon
 18331 | D:5      | Found Schaefor's Jewellery Emporium.
 18347 | D:5      | Reached XP level 8. HP: 43/57 MP: 15/18
 18465 | D:5      | Noticed Prince Ribbit
 18481 | D:5      | Killed Prince Ribbit
 18629 | D:5      | Noticed Grinder
 18642 | D:5      | Paralysed by Grinder for 2 turns
 18646 | D:5      | Killed Grinder
 18646 | D:5      | Reached skill level 1 in Evocations
 18924 | D:5      | Noticed Crazy Yiuf
 18931 | D:5      | Killed Crazy Yiuf
 20732 | D:5      | Reached skill level 5 in Spellcasting
 20738 | D:5      | Learned a level 4 spell: Condensation Shield
 21838 | D:5      | Acquired Sif Muna's second power
 22711 | D:6      | Found a glowing golden altar of the Shining One.
 22743 | D:6      | Found a glowing silver altar of Zin.
 22744 | D:6      | Found an opulent altar of Gozag.
 22867 | D:6      | Reached XP level 9. HP: 45/64 MP: 21/21
 25059 | D:7      | Found a staircase to the Ecumenical Temple.
 25067 | Temple   | Entered the Ecumenical Temple
 25203 | D:7      | Found Mulicotuarr's Serpentskin Sales.
 25431 | D:7      | Reached skill level 1 in Ice Magic
 28260 | D:8      | Found a glowing golden altar of the Shining One.
 28261 | D:8      | Found a stormy altar of Qazlal.
 28302 | D:8      | Reached XP level 10. HP: 71/71 MP: 16/23
 28404 | D:8      | Found a basalt altar of Yredelemnul.
 28405 | D:8      | Found a shattered altar of Ashenzari.
 28885 | D:8      | Found a blossoming altar of Fedhas.
 28896 | D:8      | Reached skill level 6 in Spellcasting
 28898 | D:8      | Found an ancient bone altar of Kikubaaqudgha.
 31848 | D:9      | Found a staircase to the Lair.
 31848 | D:9      | Noticed an elephant
 31860 | D:9      | Killed an elephant
 31860 | D:9      | Acquired Sif Muna's third power
 31922 | D:9      | Found a staircase to the Orcish Mines.
 32126 | D:9      | Found an iron altar of Okawaru.
 33128 | D:10     | Entered Level 10 of the Dungeon
 33149 | D:10     | Found a portal to a secret trove of treasure.
 33263 | D:10     | Noticed Fannar
 33303 | D:10     | Killed Fannar
 33303 | D:10     | Reached skill level 5 in Conjurations
 33303 | D:10     | Reached XP level 11. HP: 67/78 MP: 19/25
 33370 | D:10     | Noticed Erolcha
 33696 | D:10     | Killed Erolcha
 33782 | D:10     | Noticed Eustachio
 34009 | Temple   | Learned a level 5 spell: Irradiate
 34090 | Lair:1   | Entered Level 1 of the Lair of Beasts
 34200 | Lair:1   | Reached skill level 5 in Air Magic
 34397 | Lair:1   | Reached skill level 7 in Spellcasting
 35748 | Lair:2   | Reached skill level 1 in Transmutations
 35817 | Lair:2   | Noticed a seven-headed hydra
 35842 | Lair:2   | Killed an eight-headed hydra
 36164 | Lair:2   | Noticed a four-headed hydra
 36185 | Lair:2   | Killed an eight-headed hydra
 36185 | Lair:2   | Reached skill level 5 in Fighting
 36618 | Lair:2   | Received a gift from Sif Muna
 36629 | Lair:2   | Identified Sif Muna's Almanac of Creation (Sif Muna gifted it to you on level 2 of the Lair of Beasts)
 37176 | Lair:3   | Reached XP level 12. HP: 77/86 MP: 15/27
 37190 | Lair:3   | Found a staircase to the Swamp.
 38086 | Lair:3   | Got a twitching jade ring
 38087 | Lair:3   | Identified the ring of Cowardice {+Blink EV+3} (You found it on level 3 of the Lair of Beasts)
 38175 | Lair:3   | Found a glowing golden altar of the Shining One.
 39235 | Lair:4   | Reached skill level 8 in Spellcasting
 40133 | Lair:4   | Received a gift from Sif Muna
 40637 | Lair:5   | Reached skill level 5 in Dodging
 41311 | Lair:5   | Found a hole to the Spider Nest.
 41495 | Lair:5   | Reached skill level 5 in Summonings
 41921 | Lair:5   | Noticed a five-headed hydra
 41941 | Lair:5   | Killed a five-headed hydra
 41941 | Lair:5   | Reached XP level 13. HP: 93/93 MP: 18/29
 42371 | Lair:6   | Reached skill level 5 in Fire Magic
 42705 | Lair:6   | Found a dark tunnel.
 42716 | Volcano  | Entered a volcano
 43060 | Volcano  | Noticed a red draconian
 43072 | Volcano  | Killed from afar by a red draconian

Action                   |  1- 3 |  4- 6 |  7- 9 | 10-12 | 13-15 || total
-------------------------+-------+-------+-------+-------+-------++-------
Melee: Unarmed           |    26 |       |       |       |       ||    26
       Dagger            |    46 |   189 |       |       |     1 ||   236
       Spear             |    49 |    23 |       |       |       ||    72
       Halberd           |       |   133 |   530 |   966 |   135 ||  1764
       Staff             |       |       |     6 |       |       ||     6
Throw: Stone             |     4 |       |       |       |       ||     4
 Cast: Magic Dart        |    65 |    81 |   123 |   278 |    16 ||   563
       Mephitic Cloud    |     1 |     6 |     8 |    46 |     3 ||    64
       Conjure Flame     |       |     2 |    41 |   113 |    18 ||   174
       Call Imp          |       |     2 |       |    24 |       ||    26
       Repel Missiles    |       |       |     3 |     2 |       ||     5
       Condensation Shie |       |       |     1 |     1 |       ||     2
       Blink             |       |       |       |     8 |     1 ||     9
       Irradiate         |       |       |       |       |     1 ||     1
Invok: Channel Energy    |       |       |    88 |   291 |    32 ||   411
Evoke: Wand              |       |       |       |     3 |     6 ||     9
  Use: Scroll            |       |     7 |     7 |     6 |     1 ||    21
 Stab: Confused          |     2 |     3 |     2 |    12 |       ||    19
       Sleeping          |     1 |     1 |     1 |     5 |     2 ||    10
       Distracted        |       |       |     2 |     3 |       ||     5
